 Dungeon Crawl Stone Soup version 0.22.1-1-ga44c0e5 (webtiles) character file.

12565 Fang the Cleaver (level 11, -2/94 HPs)
             Began as a Gargoyle Berserker on Oct 1, 2018.
             Was a High Priest of Trog.
             Slain by an 18-headed hydra (12 damage)
             ... on level 1 of the Lair of Beasts on Oct 2, 2018.
             The game lasted 00:21:08 (12727 turns).

Fang the Cleaver (Gargoyle Berserker)              Turns: 12727, Time: 00:21:09

Health: -2/94      AC: 14    Str: 28    XL:     11   Next: 95%
Magic:  3/3        EV: 16    Int: 11    God:    Trog [*****.]
Gold:   521        SH:  0    Dex: 13    Spells: 10/10 levels left

rFire    . . .     SeeInvis .   E - +1 hand axe (antimagic)
rCold    . . .     Gourm    .   (no shield)
rNeg     + . .     Faith    .   j - +2 robe {MR+}
rPois    ∞         Spirit   .   D - +1 hat
rElec    +         Reflect  .   q - scarf {repulsion}
rCorr    .         Harm     .   (no gloves)
MR       +....     Clarity  +   (no boots)
Stlth    ..........             (no amulet)
HPRegen  0.25/turn              p - +4 ring of dexterity
MPRegen  0.08/turn              x - +1 ring of protection

@: berserking, flying, repel missiles, very quick
A: big wings, clarity, clever 1, frail 1, negative energy resistance 1,
electricity resistance, unbreathing, petrification resistance, rot immunity, AC
+8
a: Stop Flying, Berserk, Trog's Hand, Brothers in Arms, Renounce Religion


You were on level 1 of the Lair of Beasts.
You worshipped Trog.
Trog was extremely pleased with you.
You were not hungry.

You visited 3 branches of the dungeon, and saw 12 of its levels.

You collected 733 gold pieces.
You spent 212 gold pieces at shops.

Inventory:

Hand Weapons
 a - a +1 hand axe of electrocution
 m - the +1 war axe of the Shark {chop, +Blink rElec MR- SInv}
   (You bought it in a shop on level 8 of the Dungeon)

   It inflicts extra damage upon your enemies.
   It insulates you from electricity.
   It affects your resistance to hostile enchantments.
   It lets you see invisible.
   It lets you blink.
 t - a +1 hand axe of venom
 E - a +1 antimagic hand axe (weapon)
Armour
 j - a +2 robe of magic resistance (worn)
 q - a scarf of repulsion (worn)
 D - a +1 hat (worn)
Jewellery
 p - a +4 ring of dexterity (left hand)
 u - an uncursed ring of fire
 w - an uncursed ring of ice
 x - a +1 ring of protection (right hand)
 C - an uncursed ring of fire
Wands
 f - a wand of polymorph (8)
 A - a wand of acid (8)
 B - a wand of random effects (20)
 F - a wand of iceblast (11)
 H - a wand of flame (9)
 I - a wand of disintegration (5)
Scrolls
 d - 2 scrolls of magic mapping
 g - 7 scrolls of teleportation
 i - 8 scrolls of remove curse
 y - a scroll of enchant armour
Potions
 b - 2 potions of resistance
 e - a potion of berserk rage
 h - 6 potions of heal wounds
 k - 3 potions of haste
 l - a potion of invisibility
 n - 3 potions of mutation
 o - 2 potions of lignification
 r - 6 potions of curing
 s - 3 potions of brilliance
 v - a potion of cancellation
 z - 3 potions of agility
Comestibles
 c - 20 rations


   Skills:
 + Level 9.5 Fighting
 + Level 12.7 Axes
 + Level 2.1 Armour
 + Level 7.6 Dodging
 + Level 4.4 Stealth
 + Level 0.1 Evocations


You had 10 spell levels left.
You didn't know any spells.
Your spell library was empty.

Dungeon Overview and Level Annotations

Branches:
Dungeon (10/15)            Temple (1/1) D:7            Lair (1/6) D:10
    Orc: D:9-12

Altars:
Ashenzari
Dithmenos
Elyvilon
Fedhas
Gozag
Kikubaaqudgha
Okawaru
Qazlal
Sif Muna
Uskayaw
Zin

Shops:
D:4 :   D:7 (}?   D:8 *


Innate Abilities, Weirdness & Mutations

You are resistant to torment.
Your stone body is resilient. (AC +8)
You are immune to poison.
You resist negative energy. (rN+)
You are resistant to electric shocks. (rElec)
You can survive without breathing.
You are immune to petrification.
You are immune to rotting.
Your large and strong wings let you fly indefinitely.
You possess an exceptional clarity of mind.
Your mind is acute. (Int +2)
You are frail. (-10% HP)


Message History

You hack one of the 16-headed hydra's heads off!
The 15-headed hydra grows two more!
You slash the 17-headed hydra!
The 17-headed hydra is heavily wounded.
Unknown command.
You lop one of the 17-headed hydra's heads off!
The 16-headed hydra grows two more!
You slash the 18-headed hydra!
The 18-headed hydra is severely wounded.
You slash the yak! The 18-headed hydra misses you.
The 18-headed hydra bites you.
* * * LOW HITPOINT WARNING * * *
The 18-headed hydra closely misses you. x2
The 18-headed hydra bites you but does no damage. x6
The 18-headed hydra bites you.
* * * LOW HITPOINT WARNING * * *
The 18-headed hydra closely misses you. The 18-headed hydra misses you.
The 18-headed hydra bites you.
* * * LOW HITPOINT WARNING * * *
The 18-headed hydra barely misses you. The 18-headed hydra misses you.
The 18-headed hydra bites you!
You die...

#..#
#....#
#.....#
##.##
####.#
#.....#
#..#
###
##....#
#..#
#..+..
##.##
##.#⌠.
#..#
#.+..
##.##
#####
#...# #
##.@# #
##DY#
#Y##
##. .
.. ..
...


You could see a 18-headed hydra and 2 yaks.

Vanquished Creatures
  Harold (D:7)
  2 two-headed ogres
  Erica (D:8)
  Pikel (D:6)
  An unseen horror (D:10)
  A black mamba (Lair:1)
  2 spiny frogs (Lair:1)
  A hippogriff (D:6)
  Prince Ribbit (D:6)
  Grinder (D:5)
  Sigmund (D:5)
  14 yaks
  A vampire (D:10)
  Grum (D:8)
  A water moccasin (Lair:1)
  2 porcupines
  Duvessa (D:5)
  A slave (D:6)
  3 ice beasts
  2 orc warriors
  4 sky beasts
  3 black bears (D:10)
  2 necrophages
  2 ogres
  2 phantoms
  4 wolves (D:8)
  A crocodile (Lair:1)
  3 centaurs
  4 bullfrogs
  4 scorpions
  Dowan (D:5)
  9 wights
  4 howler monkeys
  3 electric eels (D:7)
  A crimson imp (D:10)
  A bullfrog zombie (D:7)
  A centaur zombie (D:5)
  A centaur skeleton (D:4)
  2 hounds
  6 orc priests
  2 bullfrog skeletons
  2 jellies
  Natasha (thrice) (D:3)
  7 orc wizards
  2 iguanas
  10 worker ants
  3 hound zombies
  3 worker ant zombies
  3 gnolls (D:6)
  A howler monkey skeleton (D:10)
  6 adders
  2 shadow imps
  2 worms
  5 dart slugs
  2 leopard geckos
  19 orcs
  A ball python (D:1)
  4 giant cockroaches
  13 goblins
  5 hobgoblins
  8 jackals
  6 kobolds
  4 quokkas
  7 bats
  5 frilled lizards
  A giant cockroach zombie (D:6)
  A leopard gecko zombie (D:5)
  6 rats
  4 fungi
  3 plants
237 creatures vanquished.

Vanquished Creatures (others)
  A slave (D:6)
  2 fungi (D:10)
3 creatures vanquished.

Grand Total: 240 creatures vanquished

Notes
Turn   | Place    | Note
-------+----------+-------------------------------------------
     0 | D:1      | Fang the Gargoyle Berserker began the quest for the Orb.
     0 | D:1      | Reached XP level 1. HP: 14/14 MP: 1/1
   442 | D:1      | Reached XP level 2. HP: 18/19 MP: 2/2
   667 | D:1      | Reached skill level 3 in Axes
  1057 | D:2      | Reached XP level 3. HP: 23/23 MP: 3/3
  1287 | D:2      | Reached ** piety under Trog
  1413 | D:3      | Reached XP level 4. HP: 11/29 MP: 4/4
  2262 | D:3      | Noticed Natasha
  2270 | D:3      | Reached skill level 4 in Axes
  2270 | D:3      | Killed Natasha
  2270 | D:3      | Reached XP level 5. HP: 33/33 MP: 5/5
  2315 | D:3      | Noticed Natasha
  2351 | D:3      | Killed Natasha
  2473 | D:3      | Noticed Natasha
  2480 | D:3      | Killed Natasha
  2632 | D:4      | Reached XP level 6. HP: 27/39 MP: 6/6
  2957 | D:4      | Reached *** piety under Trog
  2985 | D:4      | Reached skill level 5 in Axes
  3146 | D:4      | Found Migatu Erun's Book Boutique.
  3351 | D:4      | Reached skill level 1 in Stealth
  3552 | D:4      | Reached XP level 7. HP: 37/44 MP: 7/7
  4165 | D:5      | Entered Level 5 of the Dungeon
  4325 | D:5      | Reached skill level 5 in Fighting
  4409 | D:5      | Reached skill level 6 in Axes
  4462 | D:5      | Noticed Duvessa
  4465 | D:5      | Noticed Dowan
  4475 | D:5      | Killed Dowan
  4476 | D:5      | Killed Duvessa
  4476 | D:5      | Reached XP level 8. HP: 37/49 MP: 8/8
  4685 | D:5      | Noticed Grinder
  4696 | D:5      | Paralysed by Grinder for 2 turns
  4704 | D:5      | Killed Grinder
  4704 | D:5      | Reached skill level 7 in Axes
  4800 | D:5      | Noticed Sigmund
  4809 | D:5      | Killed Sigmund
  5193 | D:6      | Noticed a hippogriff
  5207 | D:6      | Killed a hippogriff
  5207 | D:6      | Reached skill level 8 in Axes
  5422 | D:6      | Reached XP level 9. HP: 35/55 MP: 9/9
  5431 | D:6      | Reached **** piety under Trog
  5542 | D:6      | Noticed Pikel
  5560 | D:6      | Killed Pikel
  5560 | D:6      | Reached skill level 5 in Dodging
  5603 | D:5      | Reached skill level 9 in Axes
  5855 | D:6      | Noticed Prince Ribbit
  5871 | D:6      | Killed Prince Ribbit
  6140 | D:7      | Found a staircase to the Ecumenical Temple.
  6151 | Temple   | Entered the Ecumenical Temple
  6180 | D:7      | Found Kautsit's Antique Weapon Shoppe.
  6216 | D:7      | Gained mutation: You are frail. (-10% HP) [potion of
                  | mutation]
  6216 | D:7      | Gained mutation: Your mind is acute. (Int +2) [potion of
                  | mutation]
  6216 | D:7      | Gained mutation: You possess an exceptional clarity of
                  | mind. [potion of mutation]
  6216 | D:7      | Gained mutation: Your large and strong wings let you fly
                  | indefinitely. [potion of mutation]
  6262 | D:7      | Noticed Harold
  6271 | D:7      | Killed Harold
  6271 | D:7      | Reached skill level 10 in Axes
  6271 | D:7      | Reached XP level 10. HP: 55/56 MP: 10/10
  6684 | D:7      | Found Xint's Magic Scroll Shoppe.
  6771 | D:7      | Found Fangih's Gadget Emporium.
  7011 | D:7      | Found a shadowy altar of Dithmenos.
  7011 | D:7      | Found an ancient bone altar of Kikubaaqudgha.
  7101 | D:8      | Found Imalacsi's Assorted Antiques.
  7131 | D:8      | Bought an ichor-stained war axe for 212 gold pieces
  7131 | D:8      | Identified the cursed +1 war axe of the Shark {chop, +Blink
                  | rElec MR- SInv} (You bought it in a shop on level 8 of the
                  | Dungeon)
  7220 | D:8      | Found a blossoming altar of Fedhas.
  7422 | D:8      | Noticed a two-headed ogre
  7429 | D:8      | Killed a two-headed ogre
  7665 | D:8      | Noticed Erica
  7686 | D:8      | Killed Erica
  7686 | D:8      | Reached skill level 11 in Axes
  8040 | D:8      | Noticed Grum
  8059 | D:8      | Killed Grum
  8868 | D:9      | Noticed a two-headed ogre
  8874 | D:9      | Killed a two-headed ogre
  8874 | D:9      | Reached XP level 11. HP: 17/62 MP: 11/11
  9377 | D:9      | Found a faded altar of an unknown god.
  9377 | D:9      | Found an opulent altar of Gozag.
  9382 | D:9      | Found a glowing silver altar of Zin.
  9384 | D:9      | Found a stormy altar of Qazlal.
  9385 | D:9      | Found a faded altar of an unknown god.
  9993 | D:10     | Entered Level 10 of the Dungeon
  9993 | D:10     | Noticed an unseen horror
 10003 | D:10     | Killed an unseen horror
 10487 | D:10     | Reached ***** piety under Trog
 10487 | D:10     | Reached skill level 12 in Axes
 10717 | D:10     | Found a staircase to the Lair.
 11380 | Lair:1   | Entered Level 1 of the Lair of Beasts
 12068 | Lair:1   | Received a gift from Trog
 12632 | Lair:1   | Found a hide-covered altar of Uskayaw.
 12711 | Lair:1   | Noticed a seven-headed hydra
 12727 | Lair:1   | Slain by an 18-headed hydra

Skill      XL: |  1  2  3  4  5  6  7  8  9 10 11 |
---------------+----------------------------------+-----
Dodging        | 2 3 4 6 7 |  7.6
Axes           | 3 4 5 6 8 10 11 12 | 12.7
Fighting       | 4 5 6 7 8 9 |  9.5
Stealth        | 1 2 3 4 |  4.4
Armour         | |  2.1
Evocations     | |  0.1

Action                   |  1- 3 |  4- 6 |  7- 9 | 10-12 || total
-------------------------+-------+-------+-------+-------++-------
Melee: Hand axe          |   135 |   226 |   237 |   101 ||   699
       War axe           |       |       |       |   281 ||   281
Invok: Berserk           |       |     5 |     7 |    14 ||    26
 Abil: Fly               |       |       |     1 |     1 ||     2
       Stop Flying       |       |       |       |     1 ||     1
       Evoke Blink       |       |       |       |     1 ||     1
  Use: Scroll            |       |       |    11 |    15 ||    26
       Potion            |       |       |     1 |       ||     1
 Stab: Sleeping          |     1 |     1 |       |     3 ||     5
  Eat: Chunk             |     1 |    11 |    12 |    18 ||    42
       Ration            |       |       |     1 |     5 ||     6
Armor: Animal skin       |    41 |    68 |    76 |    25 ||   210
       Robe              |       |       |       |   111 ||   111
Dodge: Dodged            |    81 |   173 |   168 |   272 ||   694
       Deflected         |       |       |     3 |     2 ||     5
